 Dungeon Crawl Stone Soup version 0.30.0-18-gc0e69614cb (webtiles) character file.

Game seed: 1552423608379355770

53 booth the Chopper (level 3, 0/27 (31) HPs)
             Began as a Gnoll Reaver on May 24, 2023.
             Slain by a gnoll
             ... wielding a +0 spear
              (10 damage)
             ... on level 2 of the Dungeon.
             The game lasted 00:05:34 (1106 turns).

booth the Chopper (Gnoll Reaver)                    Turns: 1106, Time: 00:05:34

HP:   0/27 (31)     AC:  3    Str: 13    XL:     3   Next: 89%
MP:   9/9           EV: 12    Int: 12    God:
Gold: 77            SH:  0    Dex: 10    Spells: 6/12 levels left

rFire   . . .        a - +0 hand axe
rCold   . . .        (no shield)
rNeg    . . .        b - +0 leather armour
rPois   .            (no helmet)
rElec   .            (no cloak)
rCorr   .            (no gloves)
SInv    .            (no boots)
Will    .....        (no amulet)
Stlth   +            (no ring)
HPRegen 0.24/turn    (no ring)
MPRegen 0.11/turn

%: no passive effects
@: heavily drained
A: fangs 1, strong nose, distributed training
a: no special abilities


You were on level 2 of the Dungeon.
You visited 1 branch of the dungeon, and saw 2 of its levels.

You collected 77 gold pieces.

Inventory:

Hand Weapons
 a - a +0 hand axe (weapon)
 c - a +2 spectral quarterstaff
 l - a +0 flail
Missiles
 i - 6 poisoned darts (quivered)
Armour
 b - a +0 leather armour (worn)
Jewellery
 j - a ring of ice
Scrolls
 e - a scroll of enchant armour {unknown}
 h - a scroll of blinking {unknown}
Potions
 f - a potion of lignification
 g - a potion of heal wounds {unknown}
 k - a potion of invisibility {unknown}


   Skills:
 + Level 4.6 Fighting
 + Level 1.0 Short Blades
 + Level 1.0 Long Blades
 + Level 6.5 Axes
 + Level 1.0 Maces & Flails
 + Level 1.0 Polearms
 + Level 1.0 Staves
 + Level 1.0 Ranged Weapons
 + Level 1.0 Throwing
 + Level 1.0 Armour
 + Level 4.6 Dodging
 + Level 1.0 Stealth
 + Level 1.0 Shields
 + Level 1.0 Unarmed Combat
 + Level 5.0 Spellcasting
 + Level 5.4 Conjurations
 + Level 0.7 Hexes
 + Level 0.7 Summonings
 + Level 0.7 Necromancy
 + Level 0.7 Translocations
 + Level 0.7 Transmutations
 + Level 0.7 Fire Magic
 + Level 0.7 Ice Magic
 + Level 0.7 Air Magic
 + Level 0.7 Earth Magic
 + Level 0.7 Poison Magic
 + Level 1.1 Invocations
 + Level 1.0 Evocations


You had 6 spell levels left.
You knew the following spells:

 Your Spells              Type           Power      Damage    Failure   Level
a - Kiss of Death         Conj/Necr      40%        2d8       7%          1
b - Momentum Strike       Conj/Tloc      20%        3d8       11%         2
c - Hailstorm             Conj/Ice       10%        3d5       22%         3

Your spell library contained the following spells:

 Spells                   Type           Power      Damage    Failure   Level


Dungeon Overview and Level Annotations

Branches:
Dungeon (2/15)

Altars:


Innate Abilities, Weirdness & Mutations

You have very sharp teeth.
Your uncanny sense of smell can sniff out nearby items.
Your experience applies equally to all skills.


Message History

The gnoll hits you but does no damage.
You closely miss the gnoll.
The gnoll is moderately wounded.
The gnoll barely misses you.
You hit the gnoll but do no damage.
The gnoll is moderately wounded.
The gnoll misses you.
You hit the gnoll but do no damage.
The gnoll is moderately wounded.
The gnoll hits you with a +0 club.
Cast which spell? (? or * to list)
Aiming: Kiss of Death (safe; 8% risk of failure)
Press: ? - help, Shift-Dir - straight line, f - gnoll
Aim: a gnoll, wielding a +0 club (moderately wounded, 100% to hit)
The negative energy hits the gnoll!
The gnoll is drained!
You kill the gnoll!
You feel drained.
Your Short Blades skill increases to level 1!
Your Long Blades skill increases to level 1!
Your Maces & Flails skill increases to level 1!
Your Polearms skill increases to level 1!
Your Staves skill increases to level 1!
Your Ranged Weapons skill increases to level 1!
Your Throwing skill increases to level 1!
Your Armour skill increases to level 1!
Your Stealth skill increases to level 1!
Your Shields skill increases to level 1!
Your Unarmed Combat skill increases to level 1!
Your Evocations skill increases to level 1!
You start resting.
Magic restored.
You start resting.
HP restored.
You climb downwards.
The gnoll hits you with a +0 flail!
There is a stone staircase leading up, spattered with blood here.
The gnoll hits you with a +0 flail!
You see here a +0 club.
You barely miss the gnoll.
The gnoll hits you from afar with a +0 spear!
You die...

#.# #.### ..... #
#.#.#.# #.#.#.## #
#.#....###
....###.#)......
.......<@# .#
..######g##.#####
..### #gg..#....#
.....##..##.#
.......(....#
....##.###.###.###
.. #....ggg......
#...##g###.###.#
#.#.#?........


You could see 2 gnolls and a goblin.

Vanquished Creatures
  2 gnolls (D:1)
  2 endoplasms (D:1)
  A giant cockroach (D:2)
  4 goblins
  5 hobgoblins
  6 kobolds
  A quokka (D:1)
  3 ball pythons (D:1)
  3 bats (D:1)
  3 frilled lizards (D:1)
  2 rats
32 creatures vanquished.

Notes
Turn   | Place    | Note
-------+----------+-------------------------------------------
     0 | D:1      | booth the Gnoll Reaver began the quest for the Orb.
     0 | D:1      | Reached XP level 1. HP: 20/20 MP: 6/6
   101 | D:1      | Reached XP level 2. HP: 23/26 MP: 7/7
   110 | D:1      | Learned a level 2 spell: Momentum Strike
   678 | D:1      | Reached skill level 5 in Spellcasting
   678 | D:1      | Reached XP level 3. HP: 27/31 MP: 7/9
   682 | D:1      | Learned a level 3 spell: Hailstorm
   971 | D:1      | Reached skill level 1 in Invocations
  1040 | D:1      | Reached skill level 1 in Short Blades
  1040 | D:1      | Reached skill level 1 in Long Blades
  1040 | D:1      | Reached skill level 1 in Maces & Flails
  1040 | D:1      | Reached skill level 1 in Polearms
  1040 | D:1      | Reached skill level 1 in Staves
  1040 | D:1      | Reached skill level 1 in Ranged Weapons
  1040 | D:1      | Reached skill level 1 in Throwing
  1040 | D:1      | Reached skill level 1 in Armour
  1040 | D:1      | Reached skill level 1 in Stealth
  1040 | D:1      | Reached skill level 1 in Shields
  1040 | D:1      | Reached skill level 1 in Unarmed Combat
  1040 | D:1      | Reached skill level 1 in Evocations
  1106 | D:2      | Slain by a gnoll

Illustrated notes

Levels and vault maps discovered:
D:1:      psy_arrival_spokes, layout_loops_ring, amcnicky_mini_pool_small
D:2:      cheibrodos_old_hovel, layout_loops_ring, basic_altar,
          nicolae_concentric_dashed_squares_wild, minmay_strange_pillars,
          uniq_natasha

Skill      XL: |  1  2  3 |
---------------+----------+-----
Spellcasting   | 5 |  5.0
Invocations    | 1 |  1.1
Short Blades   | 1 |  1.0
Long Blades    | 1 |  1.0
Maces & Flails | 1 |  1.0
Polearms       | 1 |  1.0
Staves         | 1 |  1.0
Ranged Weapons | 1 |  1.0
Throwing       | 1 |  1.0
Armour         | 1 |  1.0
Stealth        | 1 |  1.0
Shields        | 1 |  1.0
Unarmed Combat | 1 |  1.0
Evocations     | 1 |  1.0
Fighting       | |  4.6
Axes           | |  6.5
Dodging        | |  4.6
Conjurations   | |  5.4
Hexes          | |  0.7
Summonings     | |  0.7
Necromancy     | |  0.7
Translocations | |  0.7
Transmutations | |  0.7
Fire Magic     | |  0.7
Ice Magic      | |  0.7
Air Magic      | |  0.7
Earth Magic    | |  0.7
Poison Magic   | |  0.7

Action                     || total
---------------------------++-------
  Melee: Hand axe          ||   130
         Bite              ||     9
         Punch             ||     4
   Cast: Kiss of Death     ||     1
    Use: Scroll            ||     2
 Armour: Leather armour    ||    28
  Dodge: Dodged            ||    65
